 Dungeon Crawl Stone Soup version 0.19.3-4-gbf9329e (webtiles) character file.

488 bosm the Magician (level 6, -3/36 HPs)
             Began as a Demonspawn Ice Elementalist on Jan 27, 2017.
             Was an Initiate of Makhleb.
             Slain by a worker ant (6 damage)
             ... on level 5 of the Dungeon.
             The game lasted 00:15:37 (4542 turns).

bosm the Magician (Demonspawn Ice Elementalist)     Turns: 4542, Time: 00:15:38

Health: -3/36      AC: 12    Str:  7 (8)  XL:     6   Next: 90%
Magic:  12/14      EV: 12    Int: 18 (19) God:    Makhleb [......]
Gold:   183        SH:  0    Dex: 12 (13) Spells: 4 memorised, 3 levels left

rFire  . . .     SeeInvis .     n - +0 short sword
rCold  + . .     Gourm    .     o - +0 robe
rNeg   . . .     Faith    .     (no shield)
rPois  .         Spirit   .     (no helmet)
rElec  .         Reflect  .     h - +0 cloak
rCorr  .         Harm     .     (no gloves)
MR     .....     Rnd*Tele +     (no boots)
Stlth  ++........               (no amulet)
                                (no ring)
                                d - ring of teleportation (curse)

@: sanguine armour
A: claws 1, blurry vision 1, cold resistance 1, frail 1, sanguine armour 2
a: Renounce Religion


You were on level 5 of the Dungeon.
You worshipped Makhleb.
Makhleb was noncommittal.
You were hungry.

You visited 2 branches of the dungeon, and saw 6 of its levels.

You collected 183 gold pieces.

Inventory:

Hand Weapons
 n - a +0 short sword (weapon)
Armour
 h - a +0 cloak (worn)
 o - a +0 robe (worn)
Jewellery
 d - a cursed ring of teleportation (left claw)
Scrolls
 g - a scroll of identify
Potions
 f - a potion of agility
 j - a potion of haste
 m - a potion of cancellation
Books
 b - a book of Frost

   Spells                             Type                      Level
   a - Freeze                         Ice                          1
   b - Throw Frost                    Conjuration/Ice              2
   c - Ozocubu's Armour               Charms/Ice                   3
   d - Throw Icicle                   Conjuration/Ice              4
   e - Summon Ice Beast               Ice/Summoning                4
Comestibles
 a - 4 fruits
 c - 5 bread rations
 k - a slice of pizza
 l - 3 meat rations


   Skills:
 - Level 1.7 Dodging
 - Level 1.7 Stealth
 * Level 5.3 Spellcasting
 + Level 3.2 Conjurations
 + Level 4.1 Ice Magic


You had 3 spell levels left.
You knew the following spells:

 Your Spells              Type           Power        Failure   Level  Hunger
a - Freeze                Ice            ###.         2%          1    None
c - Ozocubu's Armour      Chrm/Ice       ##......     21%         3    ##.....
e - Summon Ice Beast      Ice/Summ       ##......     67%         4    ####...
s - Throw Icicle          Conj/Ice       ###.....     28%         4    ####...


Dungeon Overview and Level Annotations

Branches:
Dungeon (5/15)             Temple (1/1) D:4

Altars:
Ashenzari
Cheibriados
Dithmenos
Elyvilon
Fedhas
Gozag
Hepliaklqana
Kikubaaqudgha
Makhleb
Nemelex Xobeh
Okawaru
Qazlal
Ru
Sif Muna
Trog
Uskayaw
Vehumet
Xom
Yredelemnul
Zin
The Shining One

Annotations:
D:5 TryAgain's ghost, novice DDNe


Innate Abilities, Weirdness & Mutations

Your flesh is cold resistant. (rC+)
When seriously injured, your bleeding wounds create thick armour. (AC +9)
You have sharp fingernails.
Scrolls take you a little longer to read.
You are frail. (-10% HP)


Message History

You closely miss the worker ant. The worker ant bites you.
* * * LOW HITPOINT WARNING * * *
Casting: Summon Ice Beast
Confirm with . or Enter, or press ? or * to list all spells.
Aiming: Freeze
Press: ? - help, Shift-Dir - straight line, f - worker ant
Aim: a worker ant You freeze the worker ant.
The worker ant is moderately wounded.
The worker ant bites you.
* * * LOW HITPOINT WARNING * * *
Casting: Freeze
Confirm with . or Enter, or press ? or * to list all spells.
Aiming: Freeze
Press: ? - help, Shift-Dir - straight line, f/p - worker ant
Aim: a worker ant (moderately wounded)
You freeze the worker ant.
The worker ant is almost dead.
The worker ant bites you.
You die...

####### #.#.#)####
#........#
#@#..###.#
#a#....#.#
#o#....#.###
#.#.........
####.#.n....###.###
#...?.oW...<.......
#.##.#..(...###.#.#
#.#o.<.....# #
#......#?#


You could see a worker ant and an orc.

Vanquished Creatures
  An ice beast (D:4)
  2 howler monkeys (D:4)
  A crimson imp (D:4)
  A hound (D:4)
  An orc priest (D:3)
  2 worker ants
  2 gnolls (D:4)
  7 adders
  A worm (D:4)
  5 dart slugs
  3 leopard geckos
  11 orcs
  4 bats
  6 giant cockroaches
  7 goblins
  8 hobgoblins
  5 jackals (D:2)
  13 kobolds
  A quokka (D:4)
  4 frilled lizards
  2 leopard gecko skeletons (D:4)
  11 rats
98 creatures vanquished.

Notes
Turn   | Place    | Note
-------+----------+-------------------------------------------
     0 | D:1      | bosm the Demonspawn Ice Elementalist began the quest for the Orb.
     0 | D:1      | Reached XP level 1. HP: 13/13 MP: 3/3
   348 | D:1      | Gained mutation: When seriously injured, your bleeding wounds create armour. (AC +9) [demonic ancestry]
   348 | D:1      | Reached XP level 2. HP: 11/19 MP: 2/5
   507 | D:1      | Found a sparkling altar of Nemelex Xobeh.
   615 | D:1      | Reached skill level 3 in Spellcasting
   797 | D:1      | Gained mutation: When seriously injured, your bleeding wounds create thick armour. (AC +9) [demonic ancestry]
   797 | D:1      | Reached XP level 3. HP: 19/24 MP: 7/7
   943 | D:1      | Learned a level 3 spell: Ozocubu's Armour
  1290 | D:2      | Reached XP level 4. HP: 20/30 MP: 6/9
  1299 | D:2      | Learned a level 4 spell: Throw Icicle
  1954 | D:3      | Reached skill level 4 in Spellcasting
  1957 | D:3      | Reached XP level 5. HP: 33/35 MP: 2/11
  1990 | D:3      | Gained mutation: You have sharp fingernails. [potion of mutation]
  1990 | D:3      | Gained mutation: You are frail. (-10% HP) [potion of mutation]
  1990 | D:3      | Gained mutation: Scrolls take you a little longer to read. [potion of mutation]
  1995 | D:3      | HP: 1/46 [hobgoblin (2)]
  2364 | D:3      | Learned a level 4 spell: Summon Ice Beast
  2669 | D:4      | Found a staircase to the Ecumenical Temple.
  2678 | Temple   | Entered the Ecumenical Temple
  2823 | Temple   | Became a worshipper of Makhleb the Destroyer
  3020 | D:4      | Noticed a phantom
  3411 | D:4      | Gained mutation: Your flesh is cold resistant. (rC+) [demonic ancestry]
  3411 | D:4      | Reached XP level 6. HP: 3/36 MP: 1/13
  3902 | D:5      | Entered Level 5 of the Dungeon
  3902 | D:5      | Noticed an ice beast
  3904 | D:5      | Noticed TryAgain's ghost (novice DDNe)
  3908 | D:4      | Reached skill level 5 in Spellcasting
  4331 | D:5      | Noticed an orc warrior
  4375 | D:4      | Killed an ice beast
  4542 | D:5      | Slain by a worker ant

Skill      XL: |  1  2  3  4  5  6 |
---------------+-------------------+-----
Spellcasting   | 3 4 5 |  5.3
Ice Magic      | 3 4 |  4.1
Conjurations   | 2 3 |  3.2
Dodging        | |  1.7
Stealth        | |  1.7

Action                   |  1- 3 |  4- 6 || total
-------------------------+-------+-------++-------
Melee: Unarmed           |     1 |       ||     1
       Club              |    39 |       ||    39
       Short sword       |    17 |   115 ||   132
 Cast: Freeze            |    46 |   117 ||   163
       Ozocubu's Armour  |       |     1 ||     1
       Throw Icicle      |       |     2 ||     2
       Summon Ice Beast  |       |     1 ||     1
  Use: Scroll            |     2 |     5 ||     7
       Potion            |       |     8 ||     8
 Stab: Sleeping          |     1 |     4 ||     5
  Eat: Chunk             |     1 |    10 ||    11
       Pizza             |       |     1 ||     1
Armor: Robe              |    35 |    81 ||   116
       Skin              |       |     6 ||     6
Dodge: Dodged            |    66 |   163 ||   229
